 Dungeon Sprint DCSS version 0.22.1-2-g9c5b331 (webtiles) character file.

6100000 Yuikono the Meteorologist (level 27, -44/199 HPs)
             Began as a Tengu Air Elementalist on Dec 21, 2018.
             Was the Champion of Makhleb.
             Annihilated by a destroyer
             ... wielding a +9 great sword of slicing
              (223 damage)
             ... in the Dungeon (Sprint VIII: "Arena of Blood").
             The game lasted 00:04:46 (61 turns).

Yuikono the Meteorologist (Tengu Air Elementalist)    Turns: 61, Time: 00:04:46

Health: -44/199    AC:  4    Str: 11    XL:     27
Magic:  18/55      EV: 31    Int: 27    God:    Makhleb [******]
Gold:   0          SH:  0    Dex: 14    Spells: 79/80 levels left

rFire    . . .     SeeInvis .   b - +∞ Axe of Woe
rCold    . . .     Gourm    .   (shield currently unavailable)
rNeg     . . .     Faith    .   a - +0 robe
rPois    .         Spirit   .   (helmet restricted)
rElec    .         Reflect  .   (no cloak)
rCorr    .         Harm     .   (no gloves)
MR       ++...     NoTele   +   (boots unavailable)
Stlth    +++++++++.             (no amulet)
HPRegen  0.43/turn              (no ring)
MPRegen  0.34/turn              (no ring)

@: no status effects
A: beak, talons 3, able to fly 2
a: Fly, Minor Destruction, Lesser Servant of Makhleb, Major Destruction, Greater
Servant of Makhleb, Renounce Religion


You were in the Dungeon.
You worshipped Makhleb.
Makhleb was exalted by your worship.
You were not hungry.

You visited 1 branch

Inventory:

Hand Weapons
 b - the +∞ Axe of Woe (weapon)
   (You found it in the Dungeon)
Armour
 a - a +0 robe (worn)
Scrolls
 i - a scroll of blinking
Potions
 d - a potion of curing
 e - a potion of heal wounds
 f - a potion of haste
 g - 2 potions of magic
 h - a potion of berserk rage
Comestibles
 c - a ration


   Skills:
 O Level 27 Fighting
 O Level 27 Axes
 O Level 27 Throwing
 O Level 27 Armour
 O Level 27 Dodging
 O Level 27 Stealth
 O Level 27 Unarmed Combat
 O Level 27 Spellcasting
 O Level 27 Conjurations
 O Level 27 Air Magic
 O Level 27 Invocations


You had 79 spell levels left.
You knew the following spells:

 Your Spells              Type           Power        Failure   Level  Hunger
a - Shock                 Conj/Air       ####         0%          1    None

Your spell library contained the following spells:

 Spells                   Type           Power        Failure   Level  Hunger
 Swiftness                Chrm/Air       #######.     0%          2    None
 Static Discharge         Conj/Air       ########     0%          3    None
 Airstrike                Air            ########..   0%          4    None
 Lightning Bolt           Conj/Air       ########..   0%          5    None


Dungeon Overview and Level Annotations

Branches:
Dungeon (1/1)

Altars:
Makhleb

Annotations:
D The Servant


Innate Abilities, Weirdness & Mutations

You have a beak for a mouth.
You have claws for feet.
You can fly continuously.


Message History

Unknown command.
Unknown command.
A tyrant comes into view.
The tyrant shouts!
The Servant is engulfed in blazing flames.
The Servant hits you with a +9 glaive of flaming!
The Servant burns you.
A tyrant comes into view.
The dread appears out of thin air!
A dread comes into view.
The bag of meat is engulfed in blazing flames.
The meat berserker is engulfed in blazing flames. x2
You hear a shout!
A bag of meat comes into view. It is wielding a +9 war axe.
The meat berserker is engulfed in blazing flames.
The tyrant gestures wildly while chanting.
The destroyer is engulfed in blazing flames.
The destroyer hits you with a +9 great sword of slicing!!!!!
Ouch! That really hurt!
You die...

#..........#_.<§§# ....
....#....X..#.).§§#.....
......#XXX....._O§......
.o.....L§L....###)......
.........###..)....###..
.....X.§§).#§%.....# V
.......§)§)#)......#
#...)VOVW))).o.§...
#.#.#..@@Oo)..OL....
#....oO§.........
#.#....oo........#
#.#.....#........#.
...........%......#
##.......##.#.......
##.................
...####. .#..


You could see 2 tyrants, The Servant, 2 destroyers, 5 large abominations, a
dread (wandering), 4 meat berserkers and 6 bags of meat.

Vanquished Creatures
  9 vampire knights (D)
  22 ogres (D)
  5 two-headed ogres (D)
  42 orcs (D)
  4 skeletal warriors (D)
  A large abomination (D)
  3 small abominations (D)
  7 crawling corpses (D)
93 creatures vanquished.

Vanquished Creatures (others)
  4 crawling corpses (D)
4 creatures vanquished.

Grand Total: 97 creatures vanquished

Notes
Turn   | Place    | Note
-------+----------+-------------------------------------------
     0 | D        | Found the +∞ Axe of Woe
     0 | D        | Yuikono the Tengu Air Elementalist began the quest for the
                  | Orb.
     0 | D        | Reached XP level 1. HP: 10/10 MP: 4/4
     1 | D        | Noticed a bag of meat
     2 | D        | Noticed a bag of meat
     3 | D        | Noticed a bag of meat
     3 | D        | Noticed a bag of meat
     5 | D        | Noticed a bag of meat
     6 | D        | Became a worshipper of Makhleb the Destroyer
     7 | D        | Noticed a bag of meat
     8 | D        | Killed a bag of meat
     8 | D        | Reached skill level 5 in Axes
     8 | D        | Reached skill level 10 in Stealth
     8 | D        | Reached XP level 2. HP: 15/15 MP: 4/16
     8 | D        | Reached XP level 3. HP: 19/19 MP: 4/17
     8 | D        | Reached XP level 4. HP: 24/24 MP: 4/19
     8 | D        | Gained mutation: You can fly. [Tengu growth]
     8 | D        | Reached XP level 5. HP: 28/28 MP: 4/20
     8 | D        | Reached XP level 6. HP: 32/32 MP: 4/22
     8 | D        | Reached XP level 7. HP: 36/36 MP: 4/23
     8 | D        | Reached XP level 8. HP: 41/41 MP: 4/25
     8 | D        | Reached XP level 9. HP: 45/45 MP: 4/26
     8 | D        | Reached XP level 10. HP: 50/50 MP: 4/27
     8 | D        | Reached XP level 11. HP: 54/54 MP: 4/28
     8 | D        | Reached XP level 12. HP: 59/59 MP: 4/29
     8 | D        | Noticed a bag of meat
     8 | D        | Noticed a bag of meat
     8 | D        | Noticed a meat berserker
     8 | D        | Noticed a meat berserker
    10 | D        | Killed a bag of meat
    10 | D        | Reached * piety under Makhleb
    10 | D        | Reached skill level 27 in Air Magic
    10 | D        | Reached XP level 13. HP: 63/63 MP: 3/32
    10 | D        | Killed a bag of meat
    10 | D        | Reached skill level 1 in Fighting
    10 | D        | Gained mutation: You can fly continuously. [Tengu growth]
    10 | D        | Reached XP level 14. HP: 70/70 MP: 3/35
    10 | D        | Noticed a meat berserker
    12 | D        | Killed a meat berserker
    12 | D        | Reached XP level 15. HP: 84/84 MP: 4/39
    12 | D        | Reached ** piety under Makhleb
    12 | D        | Reached skill level 10 in Conjurations
    12 | D        | Reached XP level 16. HP: 95/95 MP: 4/42
    13 | D        | Killed a meat berserker
    13 | D        | Reached *** piety under Makhleb
    13 | D        | Reached XP level 17. HP: 37/106 MP: 4/45
    15 | D        | Noticed a meat berserker
    15 | D        | Noticed a meat berserker
    16 | D        | Killed a meat berserker
    16 | D        | Reached **** piety under Makhleb
    16 | D        | Reached skill level 15 in Fighting
    16 | D        | Reached XP level 18. HP: 119/119 MP: 5/48
    16 | D        | Noticed a meat berserker
    18 | D        | Noticed a meat berserker
    19 | D        | Noticed a meat berserker
    20 | D        | Reached skill level 27 in Dodging
    21 | D        | Killed a meat berserker
    21 | D        | Reached skill level 27 in Spellcasting
    21 | D        | Reached XP level 19. HP: 136/136 MP: 6/51
    21 | D        | Killed a meat berserker
    21 | D        | Reached ***** piety under Makhleb
    21 | D        | Reached skill level 27 in Stealth
    22 | D        | Killed a meat berserker
    22 | D        | Reached skill level 27 in Fighting
    22 | D        | Reached XP level 20. HP: 157/157 MP: 7/52
    22 | D        | Noticed a large bag of meat
    23 | D        | Reached skill level 27 in Conjurations
    24 | D        | Noticed a destroyer
    25 | D        | Killed a large bag of meat
    25 | D        | Reached skill level 10 in Throwing
    25 | D        | Reached skill level 10 in Invocations
    27 | D        | Killed a meat berserker
    27 | D        | Reached skill level 15 in Armour
    27 | D        | Reached skill level 15 in Unarmed Combat
    27 | D        | Reached XP level 21. HP: 161/163 MP: 8/53
    27 | D        | Noticed a meat berserker
    27 | D        | Noticed a meat berserker
    29 | D        | Noticed a meat berserker
    29 | D        | Noticed a large bag of meat
    29 | D        | Noticed a large bag of meat
    29 | D        | Noticed a meat berserker
    31 | D        | Killed a meat berserker
    31 | D        | Noticed a meat berserker
    32 | D        | Noticed a meat berserker
    32 | D        | Noticed a meat berserker
    33 | D        | Noticed a meat berserker
    33 | D        | Noticed a meat berserker
    34 | D        | Noticed The Servant
    34 | D        | Noticed a destroyer
    35 | D        | Killed a meat berserker
    35 | D        | Reached XP level 22. HP: 169/169 MP: 10/54
    36 | D        | Killed a large bag of meat
    36 | D        | Reached ****** piety under Makhleb
    36 | D        | Reached skill level 27 in Armour
    36 | D        | Reached skill level 27 in Unarmed Combat
    36 | D        | Reached XP level 23. HP: 175/175 MP: 11/55
    37 | D        | Noticed a destroyer
    37 | D        | Noticed a destroyer
    38 | D        | Killed a destroyer
    38 | D        | Reached skill level 27 in Throwing
    38 | D        | Reached skill level 27 in Invocations
    38 | D        | Reached skill level 27 in Axes
    38 | D        | Reached XP level 24. HP: 181/181 MP: 11/55
    39 | D        | Killed a destroyer
    39 | D        | Reached XP level 25. HP: 187/187 MP: 12/55
    40 | D        | Killed a destroyer
    40 | D        | Reached XP level 26. HP: 193/193 MP: 12/55
    40 | D        | Noticed a large bag of meat
    41 | D        | Noticed a destroyer
    41 | D        | Noticed a destroyer
    42 | D        | Killed a large bag of meat
    42 | D        | Reached XP level 27. HP: 199/199 MP: 12/55
    43 | D        | Noticed a destroyer
    44 | D        | Killed a destroyer
    45 | D        | Noticed a destroyer
    47 | D        | Killed a destroyer
    47 | D        | Killed a destroyer
    48 | D        | Killed a destroyer
    49 | D        | Noticed a destroyer
    50 | D        | Killed a large bag of meat
    50 | D        | Killed a destroyer
    50 | D        | Noticed a large bag of meat
    52 | D        | Noticed a destroyer
    55 | D        | Killed a destroyer
    56 | D        | Noticed a tyrant
    57 | D        | Killed a large bag of meat
    57 | D        | Noticed a destroyer
    61 | D        | Noticed a tyrant
    61 | D        | Noticed a tyrant
    61 | D        | Noticed a dread
    61 | D        | Annihilated by a destroyer

Skill      XL: |  1  2  3  4  5  6  7  8  9 10 11 12 13 14 15 16 17 18 19 20 21 22 23 |
---------------+----------------------------------------------------------------------+-----
Axes           | 5 8 11 14 17 20 25 26 27 | 27.0
Dodging        | 12 14 16 18 20 23 25 27 | 27.0
Stealth        | 10 12 14 16 17 19 21 25 27 | 27.0
Spellcasting   | 12 14 16 19 21 23 25 27 | 27.0
Conjurations   | 4 6 8 10 11 13 16 23 27 | 27.0
Air Magic      | 24 27 | 27.0
Fighting       | 1 6 8 12 15 20 27 | 27.0
Throwing       | 14 20 25 27 | 27.0
Armour         | 15 21 27 | 27.0
Unarmed Combat | 15 21 27 | 27.0
Invocations    | 13 19 24 27 | 27.0

Action                   |  1- 3 |  4- 6 |  7- 9 | 10-12 | 13-15 | 16-18 | 19-21 | 22-24 | 25-27 || total
-------------------------+-------+-------+-------+-------+-------+-------+-------+-------+-------++-------
Melee: Executioner's axe |     1 |       |       |     1 |     1 |     6 |     6 |     3 |    16 ||    34
 Cast: Shock             |       |       |       |     1 |       |       |       |       |       ||     1
Dodge: Dodged            |       |       |       |       |     1 |       |     1 |       |     3 ||     5
